 Dungeon Crawl Stone Soup version 0.28.0-53-g5a82cb258f (webtiles) character file.

Game seed: 7236933789041224448

2933 eman the Chiller (level 9, -6/72 HPs)
             Began as a Demigod Ice Elementalist on June 24, 2022.
             Mangled by a vampire (11 damage)
             ... on level 6 of the Dungeon.
             The game lasted 00:28:11 (7835 turns).

eman the Chiller (Demigod Ice Elementalist)         Turns: 7835, Time: 00:28:11

Health: -6/72      AC:  8    Str:  9    XL:     9   Next: 26%
Magic:  7/21       EV: 13    Int: 32    God:
Gold:   1353       SH:  0    Dex: 14    Spells: 4/19 levels left

rFire   . . .      SeeInvis .   L - +2 flail (protect)
rCold   . . .      Faith    .   (no shield)
rNeg    . . .      Spirit   .   b - +2 leather armour {rPois}
rPois   +          Reflect  .   B - +2 hat
rElec   .          Harm     .   D - +0 cloak
rCorr   +          Rampage  .   (no gloves)
Will    ++...                   (no boots)
Stlth   ++........              x - amulet of Goodgheit {RegenMP *Corrode Will++ Int+3}
HPRegen 0.22/turn               p - ring of flight
MPRegen 0.57/turn               q - ring of resist corrosion

@: marked, flying
A: high MP 1, forlorn, divine attributes
a: no special abilities


You were on level 6 of the Dungeon.
You visited 1 branch of the dungeon, and saw 8 of its levels.
You also visited: Sewer.

You collected 1353 gold pieces.

Inventory:

Hand Weapons
 e - a +0 short sword
 L - a +2 flail of protection (weapon)
 R - a +4 battleaxe
Missiles
 c - 6 javelins
 d - 342 stones
 j - 37 poisoned darts
 k - 5 boomerangs
 N - a throwing net
 O - a curare-tipped dart
Armour
 a - a +0 robe
 b - a +2 leather armour of poison resistance (worn)
 B - a +2 hat (worn)
 D - a +0 cloak (worn)
 G - the +1 leather armour of Valiance {SInv}
   (You found it on level 5 of the Dungeon)

   SInv:      It lets you see invisible.
 H - a +4 ring mail
 Q - an orb of wrath
Magical Staves
 P - a staff of conjuration
Jewellery
 f - an amulet of regeneration
 p - a ring of flight (left hand)
 q - a ring of resist corrosion (right hand)
 x - the amulet of Goodgheit (around neck) {RegenMP *Corrode Will++ Int+3}
   (You acquired it on level 8 of the Dungeon)

   [amulet of magic regeneration]

   It increases your rate of magic regeneration.
   Int:       It affects your intelligence (+3).
   *Corrode:  It may corrode you when you take damage.
   Will:      It greatly increases your willpower.
Wands
 K - a wand of charming (5)
Scrolls
 g - a scroll of magic mapping
 h - 2 scrolls of blinking
 i - 2 scrolls of enchant weapon
 l - a scroll of summoning
 n - a scroll of silence
 v - 4 scrolls of identify
 y - 2 scrolls of fear {unknown}
 C - a scroll of immolation
 E - a scroll of torment {unknown}
 F - a scroll of brand weapon {unknown}
 I - 2 scrolls of fog
 J - a scroll of teleportation {unknown}
 M - a scroll of vulnerability {unknown}
Potions
 m - 2 potions of curing
 o - a potion of attraction {unknown}
 r - 2 potions of heal wounds {unknown}
 s - 2 potions of cancellation {unknown}
 t - a potion of experience {unknown}
 u - 5 potions of mutation
 w - 2 potions of magic {unknown}
 z - 2 potions of might {unknown}
 A - 2 potions of haste {unknown}


   Skills:
 * Level 4.5 Fighting
 + Level 2.7 Armour
 * Level 5.4 Dodging
 - Level 1.8 Stealth
 + Level 5.7 Spellcasting
 - Level 4.0 Conjurations
 * Level 1.0 Necromancy
 + Level 6.7 Ice Magic


You had 4 spell levels left.
You knew the following spells:

 Your Spells              Type           Power      Damage    Failure   Level
a - Freeze                Ice            100%       1d11      1%          1
b - Frozen Ramparts       Ice            100%       1d12      1%          3
c - Ozocubu's Armour      Ice            51%        N/A       1%          3
d - Hailstorm             Conj/Ice       43%        3d10      7%          4
e - Dispel Undead         Necr           15%        3d10      38%         4

Your spell library contained the following spells:

 Spells                   Type           Power      Damage    Failure   Level
 Shock                    Conj/Air       84%        1d8       2%          1
 Animate Skeleton         Necr           30%        N/A       4%          1
 Apportation              Tloc           18%        N/A       6%          1
 Summon Small Mammal      Summ           36%        N/A       6%          1
 Corpse Rot               Necr/Air       24%        N/A       8%          2
 Ice Form                 Ice/Tmut       30%        N/A       16%         4
 Summon Ice Beast         Ice/Summ       30%        N/A       16%         4
 Swiftness                Air            9%         N/A       19%         3
 Airstrike                Air            4%         N/A       54%         4
 Alistair's Intoxication  Tmut/Pois      6%         N/A       87%         5
 Death Channel            Necr           7%         N/A       100%        6


Dungeon Overview and Level Annotations

Branches:
Dungeon (8/15)             Temple (0/1) D:4           Sewer (visited)
   Lair: D:8-11


Innate Abilities, Weirdness & Mutations

You have an increased reservoir of magic. (+10% MP)
You shall have no god before yourself.
Your divine heritage dramatically boosts your attributes as you level up.


Message History

Casting: Hailstorm (dangerous; 7% risk of failure)
Confirm with . or Enter, or press ? or * to list all spells.
Okay, then.
Casting: Hailstorm (dangerous; 7% risk of failure)
Confirm with . or Enter, or press ? or * to list all spells.
Your icy armour thickens.
You feel sick.
The wall freezes something.
Something hits you but does no damage. Something bites you but does no damage.
Casting: Ozocubu's Armour (safe; 1% risk of failure)
Confirm with . or Enter, or press ? or * to list all spells.
Aiming: Freeze (safe; 1% risk of failure)
Press: ? - help, Shift-Dir - straight line You freeze something.
You feel sick.
The wall freezes something.
Something hits you but does no damage. Something bites you.
Something draws strength from your injuries!
You barely miss something.
You feel sick.
A scorpion comes into view.
The wall freezes something.
Something draws life force from you!
The wall freezes the scorpion.
The wall freezes the gargoyle.
You freeze the scorpion.
The scorpion is moderately wounded.
You feel sick.
You are no longer poisoned.
The wall freezes something.
Something hits you but does no damage. Something bites you but does no damage.
The wall freezes the scorpion!
The scorpion misses you.
The wall freezes the gargoyle!
The wall freezes the scorpion.
You freeze the scorpion!
You kill the scorpion!
The frozen ramparts melt away.
Something draws life force from you.
The gargoyle hurls a stone arrow at you.
The stone arrow hits you!
Training target 4.0 for Conjurations reached!
Your Conjurations skill increases to level 4!
Your Necromancy skill increases to level 1!
Your icy armour cracks and falls away as you move.
The gargoyle hurls a stone arrow at you.
The stone arrow hits you!!
* * * LOW HITPOINT WARNING * * *
Something hits you!
You die...

###*##.......* *,,,******####.#
#####*##...##* *...# #>....
#...,,,,...# *...# #.#*#.
#.#*#####.## *...# #.###.
..##.......#######...#######.....
..##.#..<........................
..††...#.#...........^...........
..#.............9................
....#...#..#***#@#...#.######....
#..##.#.#..# #.#...#.# #...#
..###......# #s#...#.# #....
.##.#.#.###* #.#...#.# #...#
##.8'...########.#...#.# #####
#...#.#................# #
...##.#.####..####...#######*** #
..##..#.####..####..##......,,*
.##..##.##......##......##***,*


You could see a gargoyle and a scorpion.

Vanquished Creatures
  Menkaure (D:4)
  Edmund (D:6)
  An ice beast (D:8)
  A black bear (D:4)
  A necrophage (D:5)
  An ogre (D:5)
  A centaur (D:6)
  2 phantoms
  3 kobold brigands
  3 bullfrogs
  5 scorpions
  A water moccasin zombie (D:6)
  2 wyvern skeletons (D:6)
  3 killer bees (D:7)
  7 wights
  A howler monkey (D:8)
  2 centaur zombies (D:8)
  A bullfrog zombie (D:7)
  An orc priest (D:4)
  2 hounds
  3 jellies
  3 centaur skeletons
  3 iguanas
  5 orc wizards
  2 killer bee zombies (D:8)
  A river rat (D:3)
  8 adders
  2 worms (D:2)
  3 dart slugs
  19 orcs
  7 bats
  9 endoplasms
  7 giant cockroaches
  3 goblins
  8 hobgoblins
  20 kobolds
  4 quokkas
  8 ball pythons
  2 ball python skeletons (D:2)
  A ball python zombie (D:2)
  4 frilled lizards
  A jackal skeleton (D:4)
  A quokka zombie (D:2)
  7 rats
171 creatures vanquished.

Vanquished Creatures (others)
  A fungus (D:1)
  2 plants
3 creatures vanquished.

Grand Total: 174 creatures vanquished

Notes
Turn   | Place    | Note
-------+----------+-------------------------------------------
     0 | D:1      | eman the Demigod Ice Elementalist began the quest for the
                  | Orb.
     0 | D:1      | Reached XP level 1. HP: 14/14 MP: 5/5
   392 | D:1      | Reached XP level 2. HP: 20/20 MP: 1/7
   808 | D:2      | Reached skill level 4 in Ice Magic
  1246 | D:2      | Reached XP level 3. HP: 26/26 MP: 6/8
  1250 | D:2      | Learned a level 3 spell: Frozen Ramparts
  1928 | D:3      | Reached skill level 1 in Fighting
  1929 | D:3      | Reached XP level 4. HP: 35/35 MP: 1/10
  1934 | D:3      | Found a glowing drain.
  1967 | Sewer    | Entered a sewer
  2333 | Sewer    | Noticed a kobold brigand
  2333 | Sewer    | Noticed a kobold brigand
  2339 | Sewer    | Killed a kobold brigand
  2340 | Sewer    | Reached XP level 5. HP: 31/40 MP: 5/12
  3358 | D:4      | Reached skill level 1 in Armour
  3358 | D:4      | Reached XP level 6. HP: 48/48 MP: 9/14
  3362 | D:4      | Learned a level 3 spell: Ozocubu's Armour
  3367 | D:4      | Learned a level 4 spell: Hailstorm
  3452 | D:4      | Found a staircase to the Ecumenical Temple.
  4074 | D:4      | Noticed Menkaure
  4093 | D:4      | Killed Menkaure
  4094 | D:4      | Reached skill level 1 in Conjurations
  4094 | D:4      | Reached skill level 5 in Ice Magic
  4207 | D:4      | Reached XP level 7. HP: 40/56 MP: 11/16
  4428 | D:5      | Entered Level 5 of the Dungeon
  4439 | D:5      | Identified the +1 leather armour of Valiance {SInv}
  5420 | D:6      | Noticed Edmund
  5438 | D:6      | Killed Edmund
  5586 | D:6      | Noticed a vampire
  5739 | D:6      | Reached XP level 8. HP: 62/63 MP: 15/18
  5850 | D:6      | Reached skill level 6 in Ice Magic
  6038 | D:7      | Reached skill level 5 in Spellcasting
  7033 | D:8      | Reached XP level 9. HP: 71/71 MP: 13/20
  7041 | D:8      | Reached skill level 5 in Dodging
  7171 | D:8      | Identified a scroll of acquirement
  7172 | D:8      | Acquired 922 gold pieces
  7273 | D:8      | Acquired the amulet of Goodgheit {RegenMP *Corrode Will++
                  | Int+3}
  7290 | D:8      | Learned a level 4 spell: Dispel Undead
  7826 | D:6      | Noticed a gargoyle
  7835 | D:6      | Reached skill level 1 in Necromancy
  7835 | D:6      | Mangled by a vampire

Illustrated notes

Levels and vault maps discovered:
D:1:      onia_arrival_pyramid, layout_rooms,
          shapermc_ecumenical_altar_acropolis, grunt_decor_mini_mirrors,
          minivault_4
D:2:      layout_basic, serial_undead, serial_undead_c, serial_undead_d,
          serial_undead_e, serial_undead_c, minmay_misc_feat_x
D:3:      layout_basic, mainiacjoe_overflow_small_starburst,
          gup_sewer_entry_bowl, nicolae_figureground_pulse
D:4:      nicolae_cairo_tiling_very_big, layout_basic,
          minmay_temple_entry_glass, amcnicky_mini_pool_small, uniq_menkaure
D:5:      layout_gridville
D:6:      layout_loops_cross, grunt_decor_arrowhead, kennysheep_pointless_box,
          minmay_three_doors, uniq_edmund
D:7:      layout_loops_cross
D:8:      layout_cave_pods

Skill      XL: |  1  2  3  4  5  6  7  8  9 |
---------------+----------------------------+-----
Dodging        | 2 3 4 5 |  5.4
Spellcasting   | 2 3 4 5 |  5.7
Ice Magic      | 4 5 6 |  6.7
Fighting       | 1 2 3 4 |  4.5
Armour         | 1 2 |  2.7
Conjurations   | 1 2 3 4 |  4.0
Necromancy     | 1 |  1.0
Stealth        | |  1.8

Action                   |  1- 3 |  4- 6 |  7- 9 || total
-------------------------+-------+-------+-------++-------
Melee: Unarmed           |     1 |       |       ||     1
       Short sword       |    28 |    61 |    45 ||   134
       Punch             |       |     1 |     3 ||     4
       Flail             |       |       |   178 ||   178
 Cast: Freeze            |    55 |    52 |    33 ||   140
       Frozen Ramparts   |     4 |    13 |    24 ||    41
       Hailstorm         |       |     1 |    10 ||    11
       Ozocubu's Armour  |       |       |    16 ||    16
  Use: Scroll            |       |       |    12 ||    12
       Potion            |       |       |     1 ||     1
 Stab: Sleeping          |     1 |     1 |     1 ||     3
Armor: Leather armour    |    18 |    37 |   157 ||   212
       Robe              |     1 |       |       ||     1
Dodge: Dodged            |    33 |    82 |   239 ||   354
